cohdb
Replays
Latest Replays
All Replays
Popular Replays
Top Player Replays
Match Explorer
How It Works
Community
CoH3 Stats
Reddit
Sign in to upload your games and track your stats! →
Sign in with Steam
Match 37851818
Unlisted
Match 37851818
Overview
Messages
Build Orders
End
Engineer Squad
Selects Airborne Battlegroup
Selects Heavy Machine Gun Paradrop
Heavy Machine Gun Paradrop
Engineer Squad
Heavy Machine Gun Paradrop
Construct Medical Station
Heavy Machine Gun Paradrop
Construct Weapon Support Center
Selects Smoke Bombing Run
Selects Supply Drop
Supply Drop
Air Support Center
Supply Drop
Selects Paratrooper Squad Paradrop
Paratrooper Squad Paradrop
Grasshopper Recon Run
Improved M9 Bazooka Rockets
P-47 Strafing Run
Paratrooper Squad Paradrop
Grasshopper Recon Run
Supply Drop
P-47 Dive Bomb
P-47 Strafing Run
Construct Tank Depot
P-47 Strafing Run
Supply Drop
Grasshopper Recon Run
P-47 Strafing Run
P-47 Dive Bomb
PWNZISCHEME
(502) Bad Gateway
0
0
Comments
sign in to comment!
No comments posted yet!